 Dungeon Crawl Stone Soup version 0.24.0-2-g5b39cebb1c (console) character file.

Game seed: 11940215241146972412, levelgen mode: deterministic

11014 Kagalorn the Thaumaturge (level 11, -2/86 HPs)
             Began as a Gnoll Skald on Oct 29, 2019.
             Was a Priest of the Shining One.
             Hit by a javelin thrown by Urug (17 damage)
             ... on level 10 of the Dungeon.
             The game lasted 00:49:11 (13981 turns).

Kagalorn the Thaumaturge (Gnoll Skald)             Turns: 13981, Time: 00:49:12

Health: -2/86      AC:  6    Str: 16    XL:     11   Next: 71%
Magic:  23/23      EV: 17    Int: 21    God:    the Shining One [***...]
Gold:   160        SH:  0    Dex: 15    Spells: 18/26 levels left

rFire    . . .     SeeInvis .   a - +1 trident
rCold    + . .     Gourm    .   (no shield)
rNeg     + . .     Faith    .   C - +2 robe {rC+}
rPois    +         Spirit   .   (no helmet)
rElec    .         Reflect  .   s - +1 cloak
rCorr    .         Harm     .   (no gloves)
MR       .....                  (no boots)
Stlth    ++........             (no amulet)
HPRegen  0.24/turn              B - ring "Xucoh" {+Fly rPois}
MPRegen  0.18/turn              F - +5 ring of intelligence

@: glowing
A: distributed training, fangs 1, strong nose
a: Divine Shield, Renounce Religion, Evoke Flight


You were on level 10 of the Dungeon.
You worshipped the Shining One.
The Shining One was most pleased with you.
You were not hungry.

You visited 2 branches of the dungeon, and saw 11 of its levels.
You also visited: Sewer.

You collected 612 gold pieces.
You spent 452 gold pieces at shops.

Inventory:

Hand Weapons
 a - a +1 trident (weapon)
 h - a cursed +5 flail
 k - a +2 long sword of slicing
 w - a +0 lajatang
 D - a +0 quarterstaff
Missiles
 e - 314 stones (quivered)
 f - 115 sling bullets
 i - 188 arrows
 l - 49 bolts
Armour
 s - a +1 cloak (worn)
 C - a +2 robe of cold resistance (worn)
Magical Staves
 g - an uncursed staff of conjuration
Jewellery
 B - the ring "Xucoh" (left hand) {+Fly rPois}
   (You bought it in a shop on level 10 of the Dungeon)

   [ring of poison resistance]

   It protects you from poison.
   It lets you fly.
 F - a +5 ring of intelligence (right hand)
Wands
 E - a wand of scattershot (3)
Scrolls
 b - 2 scrolls of enchant armour
 j - a scroll of fear
 p - 2 scrolls of enchant weapon
 q - 2 scrolls of amnesia
 t - 5 scrolls of teleportation
 u - a scroll of blinking
 v - 4 scrolls of remove curse
 y - a scroll of fog
 G - a scroll of identify
 H - a scroll of magic mapping
Potions
 c - a potion of lignification
 m - 5 potions of curing
 n - a potion of haste
 o - 4 potions of might
 r - 2 potions of flight
 x - a potion of mutation
 z - a potion of agility
 A - a potion of resistance
Comestibles
 d - 14 rations


   Skills:
 + Level 8.0 Fighting
 + Level 6.4 Short Blades
 + Level 6.4 Long Blades
 + Level 6.4 Axes
 + Level 6.4 Maces & Flails
 + Level 8.0 Polearms
 + Level 6.4 Staves
 + Level 6.4 Slings
 + Level 6.4 Bows
 + Level 6.4 Crossbows
 + Level 6.4 Throwing
 + Level 7.0 Armour
 + Level 8.0 Dodging
 + Level 6.4 Stealth
 + Level 6.4 Shields
 + Level 6.4 Unarmed Combat
 + Level 8.2 Spellcasting
 + Level 5.3 Conjurations
 + Level 5.3 Hexes
 + Level 7.7 Charms
 + Level 5.3 Summonings
 + Level 5.3 Necromancy
 + Level 5.3 Translocations
 + Level 5.3 Transmutations
 + Level 5.3 Fire Magic
 + Level 5.3 Ice Magic
 + Level 5.3 Air Magic
 + Level 5.3 Earth Magic
 + Level 5.3 Poison Magic
 + Level 7.0 Invocations
 + Level 6.4 Evocations


You had 18 spell levels left.
You knew the following spells:

 Your Spells              Type           Power        Failure   Level  Hunger
a - Song of Slaying       Chrm           #####...     1%          2    None
c - Conjure Flame         Conj/Fire      ####....     2%          3    None
d - Spectral Weapon       Hex/Chrm       #####...     1%          3    None

Your spell library contained the following spells:

 Spells                   Type           Power        Failure   Level  Hunger
 Flame Tongue             Conj/Fire      ####.        1%          1    None
 Infusion                 Chrm           ####         1%          1    None
 Shroud of Golubria       Chrm/Tloc      #####.       1%          2    None
 Throw Flame              Conj/Fire      ####..       1%          2    None
 Regeneration             Chrm/Necr      #####.....   1%          3    None
 Inner Flame              Hex/Fire       ####....     2%          3    None
 Sticky Flame             Conj/Fire      ####....     9%          4    ###....
 Fireball                 Conj/Fire      ####......   24%         5    #####..


Dungeon Overview and Level Annotations

Branches:
Dungeon (10/15)            Temple (1/1) D:7            Lair (0/6) D:10
    Orc (0/2) D:10          Sewer (visited)

Altars:
Ashenzari
Cheibriados
Dithmenos
Elyvilon
Fedhas
Gozag
Hepliaklqana
Kikubaaqudgha
Makhleb
Nemelex Xobeh
Okawaru
Qazlal
Ru
Sif Muna
Trog
Uskayaw
Vehumet
Wu Jian
Xom
Yredelemnul
Zin
The Shining One
Beogh

Shops:
D:7 :   D:10 ?=*

Annotations:
D:10 Urug


Innate Abilities, Weirdness & Mutations

Your experience applies equally to all skills.
You have very sharp teeth.
Your uncanny sense of smell can sniff out nearby items.


Message History

Urug is lightly wounded.
Your spectral weapon hits Urug from afar!
Urug throws a javelin.
The javelin pierces through you!!
* * * LOW HITPOINT WARNING * * *
Found a glass ring.
Urug throws a javelin.
The javelin pierces through your spectral weapon!!
Your spectral weapon shares its damage with you!
Your spectral weapon fades away.
* * * LOW HITPOINT WARNING * * *
The javelin pierces through you! The Shining One protects you from harm!
Press: ? - help, v - describe, . - travel
Here: Urug, wielding a +0 demon trident of venom and wearing a +1 scale mail of poison resistance (lightly wounded)
The floor, spattered with blood.
Press: ? - help, v - describe, . - travel
Here: Urug, wielding a +0 demon trident of venom and wearing a +1 scale mail of poison resistance (lightly wounded)
The floor, spattered with blood.
You feel better.
Urug throws a javelin.
The javelin pierces through you!
You die...

......†............########
.......##.....##...#
..............##...# ....#
####8)8##.....##...# ....#
.8......#.....##...# .....#
........#..........# .....#
._..⌠...#..........##.....#
........#....(.....#......#
.>......#.......@..#......#
#########....(.....'o.....#
.......#...........#......#
.......##.....##...###....#
.##....##..... #...# ...#
.##.....#........... ..#
.#......#... ........ .#
.#......#...........=# #
.#......# .........#


You could see Urug.

Vanquished Creatures
  Harold (D:10)
  A tengu warrior (D:10)
  An ugly thing (D:9)
  A cyclops (D:9)
  2 centaur zombies
  A centaur skeleton (D:10)
  A queen bee (D:8)
  2 hornets (D:10)
  2 hippogriffs
  A shadow (D:9)
  A vampire (D:9)
  A hungry ghost (D:9)
  A water moccasin (D:7)
  8 orc warriors
  A hornet zombie (D:9)
  3 porcupines (D:10)
  4 ice beasts
  A sky beast (D:9)
  A necrophage (D:7)
  A black bear (D:10)
  4 centaurs
  4 ogres
  4 phantoms
  A big kobold (Sewer)
  6 bullfrogs
  2 water moccasin zombies
  2 wyvern skeletons (D:9)
  2 scorpions
  A water moccasin skeleton (D:9)
  6 wights
  20 killer bees
  3 electric eels (D:10)
  3 howler monkeys
  A crimson imp (D:6)
  2 jellies
  A bullfrog skeleton (D:5)
  11 orc priests
  6 hounds
  8 orc wizards
  An iguana (D:9)
  5 worker ants
  2 hound zombies
  2 hound skeletons
  3 worker ant zombies
  11 adders
  8 gnolls (D:3)
  A howler monkey skeleton (D:10)
  2 shadow imps
  2 white imps (D:10)
  3 oozes
  2 adder zombies
  2 adder skeletons
  6 worms
  6 leopard geckos
  45 orcs
  3 ball pythons
  14 bats
  9 giant cockroaches
  11 goblins
  8 hobgoblins
  10 jackals
  18 kobolds
  3 quokkas
  9 frilled lizards
  A quokka zombie (D:5)
  10 rats
319 creatures vanquished.

Vanquished Creatures (others)
  12 spectral weapons
12 creatures vanquished.

Grand Total: 331 creatures vanquished

Notes
Turn   | Place    | Note
-------+----------+-------------------------------------------
     0 | D:1      | Kagalorn the Gnoll Skald began the quest for the Orb.
     0 | D:1      | Reached XP level 1. HP: 20/20 MP: 6/6
   194 | D:1      | Reached XP level 2. HP: 12/26 MP: 7/7
   239 | D:1      | Learned a level 2 spell: Song of Slaying
   638 | D:1      | Reached XP level 3. HP: 31/31 MP: 9/9
   676 | D:1      | Reached skill level 5 in Spellcasting
  1152 | D:2      | Reached skill level 1 in Invocations
  1160 | D:2      | Learned a level 3 spell: Spectral Weapon
  1235 | D:2      | Reached skill level 1 in Short Blades
  1235 | D:2      | Reached skill level 1 in Long Blades
  1235 | D:2      | Reached skill level 1 in Axes
  1235 | D:2      | Reached skill level 1 in Maces & Flails
  1235 | D:2      | Reached skill level 1 in Staves
  1235 | D:2      | Reached skill level 1 in Slings
  1235 | D:2      | Reached skill level 1 in Bows
  1235 | D:2      | Reached skill level 1 in Crossbows
  1235 | D:2      | Reached skill level 1 in Throwing
  1235 | D:2      | Reached skill level 1 in Stealth
  1235 | D:2      | Reached skill level 1 in Shields
  1235 | D:2      | Reached skill level 1 in Unarmed Combat
  1235 | D:2      | Reached skill level 1 in Evocations
  1238 | D:2      | Found a bloodstained altar of Trog.
  1286 | D:2      | Reached XP level 4. HP: 38/38 MP: 11/11
  1906 | D:3      | Reached skill level 1 in Conjurations
  1906 | D:3      | Reached skill level 1 in Hexes
  1906 | D:3      | Reached skill level 1 in Summonings
  1906 | D:3      | Reached skill level 1 in Necromancy
  1906 | D:3      | Reached skill level 1 in Translocations
  1906 | D:3      | Reached skill level 1 in Transmutations
  1906 | D:3      | Reached skill level 1 in Fire Magic
  1906 | D:3      | Reached skill level 1 in Ice Magic
  1906 | D:3      | Reached skill level 1 in Air Magic
  1906 | D:3      | Reached skill level 1 in Earth Magic
  1906 | D:3      | Reached skill level 1 in Poison Magic
  2006 | D:3      | Reached XP level 5. HP: 40/43 MP: 4/12
  2276 | D:3      | Noticed a phantom
  2512 | D:3      | Killed a phantom
  2512 | D:3      | Reached XP level 6. HP: 33/50 MP: 10/13
  2729 | D:3      | Reached skill level 5 in Fighting
  2729 | D:3      | Reached skill level 5 in Polearms
  2729 | D:3      | Reached skill level 5 in Dodging
  3353 | D:4      | Found a glowing drain.
  3357 | Sewer    | Entered a sewer
  3411 | Sewer    | Reached XP level 7. HP: 50/56 MP: 8/15
  4533 | D:5      | Entered Level 5 of the Dungeon
  4533 | D:5      | Found an opulent altar of Gozag.
  4551 | D:5      | Found a white marble altar of Elyvilon.
  4790 | D:5      | Reached XP level 8. HP: 54/63 MP: 12/16
  5025 | D:5      | Found a shimmering blue altar of Sif Muna.
  5205 | D:6      | Found a hazy altar of Hepliaklqana.
  5415 | D:6      | Found an iron altar of Okawaru.
  6165 | D:7      | Learned a level 3 spell: Conjure Flame
  6373 | D:7      | Found Ytebboxi's Book Boutique.
  6522 | D:7      | Reached XP level 9. HP: 54/69 MP: 16/18
  6556 | D:7      | Found a staircase to the Ecumenical Temple.
  6562 | Temple   | Entered the Ecumenical Temple
  6883 | Temple   | Became a worshipper of the Shining One
  6906 | D:7      | Found a blossoming altar of Fedhas.
  6915 | D:7      | Found a shadowy altar of Dithmenos.
  6918 | D:7      | Found a burning altar of Makhleb.
  7215 | D:7      | HP: 3/103 [killer bee (5)]
  7687 | D:7      | Found an ancient bone altar of Kikubaaqudgha.
  8200 | D:8      | Reached skill level 5 in Armour
  8389 | D:8      | Noticed a queen bee
  8409 | D:8      | Killed a queen bee
  8414 | D:8      | Reached skill level 5 in Invocations
  8428 | D:8      | HP: 1/71 [something (5)]
  8904 | D:8      | Reached XP level 10. HP: 56/77 MP: 16/20
  9066 | D:8      | Found a stormy altar of Qazlal.
 10351 | D:9      | Reached skill level 5 in Short Blades
 10351 | D:9      | Reached skill level 5 in Long Blades
 10351 | D:9      | Reached skill level 5 in Axes
 10351 | D:9      | Reached skill level 5 in Maces & Flails
 10351 | D:9      | Reached skill level 5 in Staves
 10351 | D:9      | Reached skill level 5 in Slings
 10351 | D:9      | Reached skill level 5 in Bows
 10351 | D:9      | Reached skill level 5 in Crossbows
 10351 | D:9      | Reached skill level 5 in Throwing
 10351 | D:9      | Reached skill level 5 in Stealth
 10351 | D:9      | Reached skill level 5 in Shields
 10351 | D:9      | Reached skill level 5 in Unarmed Combat
 10351 | D:9      | Reached skill level 5 in Evocations
 10360 | D:9      | Noticed a purple ugly thing
 10368 | D:9      | Reached * piety under the Shining One
 10377 | D:9      | Killed a purple ugly thing
 10995 | D:9      | Noticed a cyclops
 11175 | D:9      | Reached ** piety under the Shining One
 11214 | D:9      | Noticed a death knight
 11328 | D:9      | Found a bloodstained altar of Trog.
 11333 | D:9      | Found a hide-covered altar of Uskayaw.
 11355 | D:9      | Found a sacrificial altar of Ru.
 11693 | D:9      | Found a shadowy altar of Dithmenos.
 11928 | D:9      | Found a snail-covered altar of Cheibriados.
 11953 | D:10     | Entered Level 10 of the Dungeon
 11985 | D:10     | Reached XP level 11. HP: 60/84 MP: 16/22
 11987 | D:10     | Noticed Harold
 12006 | D:10     | Killed Harold
 12308 | D:9      | Killed a cyclops
 12320 | D:9      | Noticed a two-headed ogre
 12592 | D:10     | Reached skill level 5 in Conjurations
 12592 | D:10     | Reached skill level 5 in Hexes
 12592 | D:10     | Reached skill level 5 in Summonings
 12592 | D:10     | Reached skill level 5 in Necromancy
 12592 | D:10     | Reached skill level 5 in Translocations
 12592 | D:10     | Reached skill level 5 in Transmutations
 12592 | D:10     | Reached skill level 5 in Fire Magic
 12592 | D:10     | Reached skill level 5 in Ice Magic
 12592 | D:10     | Reached skill level 5 in Air Magic
 12592 | D:10     | Reached skill level 5 in Earth Magic
 12592 | D:10     | Reached skill level 5 in Poison Magic
 12620 | D:10     | Found a staircase to the Lair.
 13204 | D:10     | Reached *** piety under the Shining One
 13223 | D:10     | Found Munkem's Jewellery Shoppe.
 13226 | D:10     | Bought the ring "Xucoh" {+Fly rPois} for 291 gold pieces
 13859 | D:10     | Found a roughly hewn altar of Beogh.
 13864 | D:10     | Found a staircase to the Orcish Mines.
 13874 | D:10     | Found Lawykhlue's Magic Scroll Boutique.
 13891 | D:10     | Bought a scroll of identify for 28 gold pieces
 13891 | D:10     | Bought a scroll of identify for 28 gold pieces
 13891 | D:10     | Bought a scroll of magic mapping for 49 gold pieces
 13891 | D:10     | Bought 2 scrolls of identify for 56 gold pieces
 13917 | D:10     | Noticed a tengu warrior
 13918 | D:10     | Found Weoty's General Store.
 13933 | D:10     | Killed a tengu warrior
 13969 | D:10     | Noticed Urug
 13980 | D:10     | The Shining One protects you from harm!
 13981 | D:10     | Hit by a javelin thrown by Urug

Levels and vault maps discovered:
D:1:      lightli_arrival_windingriver, layout_basic, serial_forest,
          infiniplex_forest_zigzag_1, infiniplex_forest_end_1,
          infiniplex_forest_lined_room_2, infiniplex_forest_zigzag_1,
          infiniplex_forest_clump_small, infiniplex_forest_lined_corner,
          infiniplex_forest_pool, infiniplex_forest_lined_2,
          infiniplex_forest_clump_small
D:2:      layout_basic, trog_three_pillars_becter
D:3:      layout_basic
D:4:      layout_gridville, first_ration, gup_sewer_entry_spiral
D:5:      layout_cave_pools, overflow_temple_1_default, marbit_many_paths,
          basic_altar, due_unseen_surprise
D:6:      layout_cave_pods, kennysheep_okawaru_gauntlet, kennysheep_little_box
D:7:      layout_basic, kennysheep_mini, gammafunk_temple_overflow_forgotten,
          minmay_temple_entry_arrows, serial_shops, shop_fountains
D:8:      layout_basic, lemuel_crystal_altar, david_nohive_1
D:9:      hangedman_cross_cluster, layout_cave_pods, lemuel_round_altar,
          grunt_temple_overflow_open, grunt_dithmenos_smoke_and_mirrors
D:10:     layout_gridville, grunt_lair_entry_orc_guard_hut, david_orc_5,
          serial_ice, serial_ice_j, serial_ice_a, serial_ice_b, serial_ice_e,
          serial_ice_g, serial_shops, shop, kennysheep_mini_moat, shop,
          uniq_urug, uniq_harold
Temple:   compressed_dpeg_triangle_lava_temple

Skill      XL: |  1  2  3  4  5  6  7  8  9 10 11 |
---------------+----------------------------------+-----
Spellcasting   | 5 6 7 8 |  8.2
Invocations    | 1 2 3 4 5 6 7 |  7.0
Short Blades   | 1 2 3 4 5 6 |  6.4
Long Blades    | 1 2 3 4 5 6 |  6.4
Axes           | 1 2 3 4 5 6 |  6.4
Maces & Flails | 1 2 3 4 5 6 |  6.4
Staves         | 1 2 3 4 5 6 |  6.4
Slings         | 1 2 3 4 5 6 |  6.4
Bows           | 1 2 3 4 5 6 |  6.4
Crossbows      | 1 2 3 4 5 6 |  6.4
Throwing       | 1 2 3 4 5 6 |  6.4
Stealth        | 1 2 3 4 5 6 |  6.4
Shields        | 1 2 3 4 5 6 |  6.4
Unarmed Combat | 1 2 3 4 5 6 |  6.4
Evocations     | 1 2 3 4 5 6 |  6.4
Conjurations   | 1 2 3 4 5 |  5.3
Hexes          | 1 2 3 4 5 |  5.3
Summonings     | 1 2 3 4 5 |  5.3
Necromancy     | 1 2 3 4 5 |  5.3
Translocations | 1 2 3 4 5 |  5.3
Transmutations | 1 2 3 4 5 |  5.3
Fire Magic     | 1 2 3 4 5 |  5.3
Ice Magic      | 1 2 3 4 5 |  5.3
Air Magic      | 1 2 3 4 5 |  5.3
Earth Magic    | 1 2 3 4 5 |  5.3
Poison Magic   | 1 2 3 4 5 |  5.3
Armour         | 3 4 5 6 7 |  7.0
Fighting       | 5 6 7 8 |  8.0
Polearms       | 5 6 7 8 |  8.0
Dodging        | 5 6 7 8 |  8.0
Charms         | 6 7 |  7.7

Action                   |  1- 3 |  4- 6 |  7- 9 | 10-12 || total
-------------------------+-------+-------+-------+-------++-------
Melee: Spear             |   107 |   230 |   280 |       ||   617
       Bite              |     9 |    27 |    49 |    48 ||   133
       Punch             |       |     2 |     6 |     8 ||    16
       Trident           |       |       |   117 |   305 ||   422
       Quarterstaff      |       |       |    66 |       ||    66
       Long sword        |       |       |       |   100 ||   100
 Cast: Spectral Weapon   |     2 |    18 |    33 |    34 ||    87
       Song of Slaying   |       |       |     4 |     5 ||     9
       Conjure Flame     |       |       |     1 |     5 ||     6
Invok: Divine Shield     |       |       |       |     1 ||     1
  Use: Scroll            |       |     7 |     5 |    10 ||    22
       Potion            |       |       |     7 |     4 ||    11
 Stab: Distracted        |       |     1 |     1 |       ||     2
  Eat: Chunk             |     1 |     8 |    13 |     7 ||    29
       Ration            |       |       |     2 |     4 ||     6
Armor: Leather armour    |    18 |     2 |       |       ||    20
       Ring mail         |       |    64 |   129 |    82 ||   275
       Skin              |       |       |    87 |       ||    87
       Robe              |       |       |       |    20 ||    20
Dodge: Dodged            |    63 |   139 |   275 |   316 ||   793
Block: Other             |       |       |       |    17 ||    17
       Rpst.: Long sword |       |       |       |    17 ||    17
